 Dungeon Crawl Stone Soup version 0.31.0-12-g77e489cdc1 (webtiles) character file.

Game seed: 14614462801070479071

11 RancidPinata the Sneak (level 2, 0/19 HPs)
             Began as a Gargoyle Delver on Feb 20, 2024.
             Slain by a lemure (2 damage)
             ... led by Pikel
             ... on level 4 of the Dungeon.
             The game lasted 00:01:35 (164 turns).

RancidPinata the Sneak (Gargoyle Delver)             Turns: 164, Time: 00:01:35

Health: 0/19       AC:  8    Str: 15    XL:     2   Next: 25%
Magic:  2/2        EV: 10    Int: 10    God:
Gold:   14         SH:  0    Dex: 11    Spells: 1/1 levels left

rFire   . . .        a - +0 mace
rCold   . . .        (no shield)
rNeg    + . .        h - +0 ring mail
rPois   ∞            (no helmet)
rElec   +            (no cloak)
rCorr   .            (no gloves)
SInv    .            (no boots)
Will    .....        (no amulet)
Stlth   ++           (no ring)
HPRegen 0.23/turn    (no ring)
MPRegen 0.08/turn

%: no passive effects
@: no status effects
A: sickness immunity, AC +2, negative energy resistance 1, electricity
resistance, torment resistance 1, petrification resistance
a: no special abilities


You were on level 4 of the Dungeon.
You visited 1 branch of the dungeon, and saw 3 of its levels.

You collected 14 gold pieces.

Inventory:

Hand Weapons
 a - a +0 mace (weapon)
Armour
 h - a +0 ring mail (worn)
Wands
 g - a wand of digging (3)
Scrolls
 b - a scroll of identify {unknown}
 c - a scroll of fog
 d - a scroll of revelation
 e - a scroll of fear
Potions
 f - a potion of haste


   Skills:
 * Level 3.5 Fighting
 + Level 2.1 Maces & Flails
 * Level 0.9 Armour
 + Level 1.7 Dodging
 + Level 5.5 Stealth


You had one spell level left.
You didn't know any spells.
Your spell library was empty.

Dungeon Overview and Level Annotations

Branches:
Dungeon (6/15)
 Temple: D:4-7

Altars:

Annotations:
D:4 Pikel


Innate Abilities, Weirdness & Mutations

You are immune to sickness and miasma.
Your stone body is resilient. (AC +2)
You are immune to poison.
You resist negative energy. (rN+)
You are resistant to electric shocks. (rElec)
You are resistant to unholy torment.
You are immune to petrification.


Message History

There is a stone staircase leading up here.
An adder comes into view.
The helpless adder fails to defend itself.
You hit the adder.
The adder is lightly wounded.
The adder bites you but does no damage. x2
You thump the adder!
You kill the adder!
You have reached level 2!
An orc comes into view. It is wielding a +0 hand axe.
You barely miss the orc. The orc hits you with a +0 hand axe.
You hit the orc.
The orc is lightly wounded.
The orc hits you but does no damage.
You barely miss the orc.
The orc is lightly wounded.
The orc hits you but does no damage. The orc closely misses you.
You hit the orc.
The orc is almost dead.
The orc hits you with a +0 hand axe.
You hit the orc.
You kill the orc!
Things that are here:
a +0 hand axe; a +0 chain mail; an orc corpse You start resting.
HP restored.
An ice beast comes into view.
There is a stone staircase leading up here.
You climb upwards.
Level annotation: Pikel The lemure shouts! x2
Pikel hits you with a +1 whip of flaming.
Pikel burns you. The lemure hits you but does no damage.
The lemure barely misses you. The lemure hits you.
Pikel hits you with a +1 whip of flaming.
* * * LOW HITPOINT WARNING * * *
Pikel burns you.
* * * LOW HITPOINT WARNING * * *
The lemure hits you.
You die...

#....#
#....#
#....#
....
#...
#..#
#55#
#5@#
#K5#
#..#
##.#
#..
#..
#..
....


You could see Pikel and 4 lemures.

Vanquished Creatures
  An adder (D:5)
  An orc (D:5)
2 creatures vanquished.

Notes
Turn   | Place    | Note
-------+----------+-------------------------------------------
     0 | D:5      | RancidPinata the Gargoyle Delver began the quest for the
                  | Orb.
     0 | D:5      | Reached XP level 1. HP: 14/14 MP: 1/1
     1 | D:6      | Noticed a sleepcap
    49 | D:4      | Noticed Pikel
    49 | D:4      | Noticed a lemure
    49 | D:4      | Noticed a lemure
    49 | D:4      | Noticed a lemure
    49 | D:4      | Noticed a lemure
    62 | D:4      | Noticed an iguana
    74 | D:5      | Reached XP level 2. HP: 19/19 MP: 2/2
   150 | D:5      | Noticed an ice beast
   164 | D:4      | Slain by a lemure

Illustrated notes

Levels and vault maps discovered:
D:4:      layout_cave_pods, kennysheep_generic_room_16, uniq_pikel
D:5:      layout_loops_ring, mainiacjoe_overflow_chevrons,
          mainiacjoe_overflow_six_doors_small, kennysheep_generic_room_10,
          uniq_prince_ribbit1
D:6:      layout_loops_ring, nicolae_gozag_cash_rules_everything_around_me,
          minmay_temple_entry_antechambers, serial_shops,
          nicolae_shop_industrial_runoff, minmay_pentangle

Action                     || total
---------------------------++-------
  Melee: Mace              ||     7
   Stab: Sleeping          ||     1
 Armour: Ring mail         ||    11
  Dodge: Dodged            ||     2
